 Dungeon Crawl Stone Soup version 0.26-a0-652-gafc20e3620 (webtiles) character file.

Game seed: 17841643488359674382

81 ringo67 the Insei (level 4, -2/29 HPs)
             Began as an Octopode Transmuter on Oct 3, 2020.
             Splashed by a jelly's acid (8 damage)
             ... on level 2 of the Dungeon.
             The game lasted 00:06:02 (2920 turns).

ringo67 the Insei (Octopode Transmuter)             Turns: 2920, Time: 00:06:02

Health: -2/29      AC: -3    Str: 10    XL:     4   Next: 42%
Magic:  7/7        EV: 13    Int: 15    God:
Gold:   57         SH:  0    Dex: 12    Spells: 6/7 levels left

rFire    . . .     SeeInvis .     - Unarmed
rCold    . . .     Faith    .   (no shield)
rNeg     . . .     Spirit   .   (helmet restricted)
rPois    .         Reflect  .   (no amulet)
rElec    .         Harm     .   (no ring)
rCorr    .         Rampage  .   (no ring)
MR       .....                  (no ring)
Stlth    ++........             (no ring)
HPRegen  0.09/turn              (no ring)
MPRegen  0.10/turn              (no ring)
                                (no ring)
                                (no ring)

@: corroded
A: almost no armour, stealthy swim, amphibious, 8 rings, constrict 8, camouflage
1, gelatinous body 1
a: no special abilities


You were on level 2 of the Dungeon.
You visited 1 branch of the dungeon, and saw 3 of its levels.

You collected 57 gold pieces.

Inventory:

Missiles
 i - 6 poisoned darts (quivered)
Scrolls
 a - 3 scrolls of remove curse
 b - a scroll of blinking {unknown}
 c - 2 scrolls of teleportation {unknown}
 f - 2 scrolls of identify {unknown}
 k - a scroll of immolation {unknown}
 m - a scroll of enchant armour {unknown}
Potions
 d - a potion of flight
 g - a potion of magic {unknown}
 h - a potion of stabbing {unknown}
 j - a potion of berserk rage {unknown}
 l - a potion of brilliance {unknown}


   Skills:
 + Level 2.1 Fighting
 - Level 2.0 Dodging
 * Level 4.2 Unarmed Combat
 - Level 2.0 Spellcasting
 + Level 2.7 Transmutations


You had 6 spell levels left.
You knew the following spells:

 Your Spells              Type           Power        Failure   Level
a - Beastly Appendage     Tmut           #.....       7%          1

Your spell library contained the following spells:

 Spells                   Type           Power        Failure   Level
 Wereblood                Tmut           #.......     11%         2
 Spider Form              Tmut/Pois      #.........   36%         3
 Ice Form                 Ice/Tmut       #.......     77%         4
 Blade Hands              Tmut           #.........   89%         5


Dungeon Overview and Level Annotations

Branches:
Dungeon (3/15)

Altars:


Innate Abilities, Weirdness & Mutations

You cannot wear most types of armour.
You are very stealthy in the water. (Stealth+)
You are amphibious.
You can wear up to eight rings at the same time.
You can use your tentacles to constrict eight enemies at once.
Your skin changes colour to match your surroundings (Stealth+).
Your rubbery body absorbs attacks. (AC +1, EV +1)


Message History

Aim: a jelly (heavily wounded)
You throw a poisoned dart. The poisoned dart hits the jelly.
The jelly is heavily wounded.
The jelly barely misses you.
Throwing (i - inventory)
i - 8 poisoned darts (quivered)
Press: ? - help, Shift-Dir - straight line, f/p - jelly
Aim: a jelly (heavily wounded)
You throw a poisoned dart. The poisoned dart hits the jelly.
The jelly is heavily wounded.
The jelly closely misses you.
Throwing (i - inventory)
i - 7 poisoned darts (quivered)
Press: ? - help, Shift-Dir - straight line, f/p - jelly
Aim: a jelly (heavily wounded)
You throw a poisoned dart. The poisoned dart hits the jelly.
The jelly is poisoned.
The jelly is heavily wounded.
The jelly hits you.
* * * LOW HITPOINT WARNING * * *
The acid corrodes you!
You are splashed with acid!
You die...

#.≈⌠..#.......#.#.###.# #..
#.≈≈≈.#.....).#.#.#.#.# #..
#.............#.#...#.# #..
#.####...####.#.#.#.#.# #..
#...........#.#...#.#.# #(.
####.#...=...(..#.#.#.# #..
####.#.#.(<.......#.#.# #..
#....#.#.##J#.#.....#.# #..
#.####.#..@.#.#######.###..
#.# #.#>..................
#.# #.#.#....###########..
#.# #.#.####.# #.....#....
#.# #.#.####.###.###.#....
#.####.#............).+....
#....#.#.####.....###.#....
#..#.#.#.# ####### #.#####
#..#.#.#.####### #......


You could see a jelly (poisoned).

Vanquished Creatures
  Robin (D:2)
  2 adders (D:2)
  A leopard gecko (D:1)
  2 ball pythons
  3 giant cockroaches (D:1)
  5 goblins
  9 hobgoblins
  3 jackals (D:1)
  5 kobolds
  A quokka (D:2)
  6 bats
  3 frilled lizards
  6 rats
47 creatures vanquished.

Notes
Turn   | Place    | Note
-------+----------+-------------------------------------------
     0 | D:1      | ringo67 the Octopode Transmuter began the quest for the
                  | Orb.
     0 | D:1      | Reached XP level 1. HP: 13/13 MP: 3/3
   229 | D:1      | Reached XP level 2. HP: 18/18 MP: 5/5
   752 | D:1      | Reached XP level 3. HP: 23/23 MP: 6/6
  1941 | D:3      | Noticed Robin
  2372 | D:2      | Killed Robin
  2372 | D:2      | Reached skill level 4 in Unarmed Combat
  2372 | D:2      | Reached XP level 4. HP: 19/29 MP: 5/7
  2920 | D:2      | Splashed by a jelly's acid

Illustrated notes

Levels and vault maps discovered:
D:1:      mainiacjoe_arrival_reflecting_pool, layout_loops_ring,
          kennysheep_pointless_box
D:2:      layout_basic, corexii_leaking_fountain
D:3:      layout_loops_cross, uniq_robin

Skill      XL: |  1  2  3 |
---------------+----------+-----
Fighting       | 2 |  2.1
Unarmed Combat | 4 |  4.2
Dodging        | |  2.0
Spellcasting   | |  2.0
Transmutations | |  2.7

Action                   |  1- 3 |  4- 6 || total
-------------------------+-------+-------++-------
Melee: Unarmed           |    89 |    10 ||    99
       Constrict         |    24 |     2 ||    26
       Tentacles         |    12 |     1 ||    13
       Kick              |     6 |     1 ||     7
       Punch             |     2 |     1 ||     3
Throw: Dart              |    11 |    10 ||    21
 Cast: Beastly Appendage |     6 |     1 ||     7
  Use: Scroll            |     1 |       ||     1
       Potion            |       |     3 ||     3
 Stab: Sleeping          |     7 |       ||     7
Armor: Skin              |     6 |     1 ||     7
Dodge: Dodged            |    49 |    14 ||    63

Table legend: (Time is in decaauts)
 A = Elapsed time spent in this place.
 B = Non-inter-level travel time spent in this place.
 C = Inter-level travel time spent in this place.
 D = Time resting spent in this place.
 E = Time spent auto-exploring this place.
 F = Levels seen in this place.
 G = Mean time per level.
                   A        B        C        D        E       F      G
               +--------+--------+--------+--------+--------+-----+--------+
         Total |   2914 |   2882 |     32 |   1034 |   1112 |   3 |  971.3 |
       Dungeon |   2914 |   2882 |     32 |   1034 |   1112 |   3 |  971.3 |
               +--------+--------+--------+--------+--------+-----+--------+

Top non-repeatable levels by time:
     D:2: 1737 daAuts
     D:1: 1076 daAuts
     D:3: 100 daAuts
